 Dungeon Sprint DCSS version 0.18-a0-125-g4c9da24 (webtiles) character file.

10790 Kidiri the Unseen (level 11, -6/50 HPs)
             Began as a Spriggan Enchanter on Nov 21, 2015.
             Was the Champion of Dithmenos.
             Killed from afar by an ice dragon (44 damage)
             ... with a blast of cold
             ... in the Dungeon (Sprint III: "The Ten Rune Challenge").
             The game lasted 00:14:33 (2145 turns).

Kidiri the Unseen (Spriggan Enchanter)              Turns: 2145, Time: 00:14:35

Health: -6/50      AC:  5    Str:  4    XL:     11   Next: 40%
Magic:  23/29      EV: 32    Int: 18    God:    Dithmenos [******]
Gold:   26         SH:  0    Dex: 19    Spells: 9 memorised, 14 levels left

rFire  . . .     SeeInvis +     a - +1 dagger
rCold  . . .     Clarity  .     l - +2 robe {MR+}
rNeg   . . .     SustAt   .     (shield restricted)
rPois  .         Gourm    .     (helmet restricted)
rElec  .         Spirit   .     f - +0 cloak {MR+}
rCorr  .         Warding  .     (gloves unavailable)
rMut   .         NoTele   +     (boots unavailable)
MR     +++..                    (no amulet)
Stlth  ++++++++++               (no ring)
                                (no ring)

@: wreathed by umbra, very quick, extremely resistant to hostile enchantments,
uncannily stealthy
A: unfitting armour, see invisible, herbivore 3, speed 3, frail 1, slow
metabolism 2, spit poison 1, wild magic 1
a: Spit Poison, Shadow Step, Shadow Form, Renounce Religion


You were in the Dungeon.
You worshipped Dithmenos.
Dithmenos was exalted by your worship.
You were not hungry.

You visited 1 branch You collected 26 gold pieces.

Inventory:

Hand Weapons
 a - a +1 dagger (weapon)
Missiles
 b - 10 throwing nets (quivered)
Armour
 f - a +0 cloak of magic resistance (worn)
 l - a +2 robe of magic resistance (worn)
Scrolls
 j - a scroll of blinking
 k - a scroll of recharging {unknown}
 m - a scroll of immolation {unknown}
 o - 3 scrolls of remove curse
 s - a scroll of holy word {unknown}
Potions
 c - a potion of might
 e - 2 potions of curing
 g - a potion of haste
 h - 2 potions of magic
 i - 2 potions of berserk rage
 q - 2 potions of invisibility {unknown}
 r - a potion of agility
 u - a potion of flight {unknown}
Books
 n - a book of Spatial Translocations

   Spells                             Type                      Level
   a - Apportation                    Translocation                1
   b - Blink                          Translocation                2
   c - Shroud of Golubria             Charms/Translocation         2
   d - Portal Projectile              Translocation                3
   e - Teleport Other                 Translocation                3
   f - Passage of Golubria            Translocation                4
Comestibles
 d - a bread ration
 p - 9 fruits
 t - 27 royal jellies


   Skills:
 + Level 6.3 Fighting
 * Level 11.7 Short Blades
 + Level 5.7 Armour
 * Level 14.9 Dodging
 * Level 16.6 Stealth
 * Level 13.0 Spellcasting
 + Level 5.4 Conjurations
 + Level 10.1 Hexes
 + Level 9.1 Charms
 + Level 9.0 Translocations
 + Level 6.0 Ice Magic
 - Level 2.0 Invocations


You had 14 spell levels left.
You knew the following spells:

 Your Spells              Type           Power        Failure   Level  Hunger
a - Corona                Hex            ######.      1%          1    None
b - Ensorcelled Hibernat  Hex/Ice        ######       2%          2    None
c - Confuse               Hex            ######..     2%          3    None
d - Tukima's Dance        Hex            ######..     2%          3    None
e - Dazzling Spray        Conj/Hex       ######..     3%          3    None
f - Apportation           Tloc           ######....   1%          1    None
g - Shroud of Golubria    Chrm/Tloc      ######....   1%          2    None
h - Portal Projectile     Tloc           ######       2%          3    None
i - Passage of Golubria   Tloc           N/A          4%          4    #......


Dungeon Overview and Level Annotations

Branches:
Dungeon (1/1)

Altars:
Cheibriados
Dithmenos
Elyvilon
Fedhas
Gozag
Kikubaaqudgha
Makhleb
Nemelex Xobeh
Okawaru
Qazlal
Ru
Sif Muna
Trog
Vehumet
Xom
Yredelemnul
Zin
The Shining One
Jiyva
Lugonu


Innate Abilities, Weirdness & Mutations

You are tiny and cannot use many weapons and most armour.
You have supernaturally acute eyesight.
You are a herbivore.
You cover ground extremely quickly.
You need consume almost no food.
You are frail (-10% HP).
You can spit weak poison.
Your spells are a little harder to cast, but a little more powerful.


Message History

The spray of energy hits the ice dragon.
The ice dragon is heavily wounded.
The ice dragon is dazzled.
Your shadow mimicks your spell!
The shadow shard hits the ice dragon.
The ice dragon bites you!
You emit a cloud of dark smoke.
The ice dragon completely misses you. The ice dragon completely misses you.
Casting: Dazzling Spray
Confirm with . or Enter, or press ? or * to list all spells.
Aiming: Dazzling Spray
Press: ? - help, Shift-Dir - straight line, f/p - ice dragon
Aim: an ice dragon (black smoke, severely wounded, blind, umbra)
The spray of energy hits the ice dragon.
The ice dragon is severely wounded.
Your shadow mimicks your spell!
The shadow shard hits the ice dragon.
The ice dragon breathes frost at you. The blast of cold hits you!
Ouch! That really hurt!
You die...

#.♣♣
#♣.♣
♣.♣♣
♣♣.♣
♣≈♣♣
♣.♣♣
♣..♣
♣♣§♣♣
♣♣@♣
♣D§♣
♣§§§§
♣.≈.≈≈
♣.♣...§
♣♣♣♣♣♣♣♣


You could see an ice dragon (blind).

Vanquished Creatures
  Maud (D)
  Erolcha (D)
  2 hydras (D)
  A death drake (D)
  A spriggan druid (D)
  A lindwurm (D)
  2 spiny frogs (D)
  A komodo dragon (D)
  A deep elf priest (D)
  3 wandering mushrooms (D)
  A queen bee (D)
  A shadow (D)
  2 spriggans (D)
  4 redbacks (D)
  2 trapdoor spiders (D)
  2 hill giants (D)
  A spatial vortex (D)
  A necrophage (D)
  3 two-headed ogres (D)
  2 brain worms (D)
  A water elemental (D)
  32 killer bees (D)
  An electric eel (D)
  Crazy Yiuf (D)
  A jelly (D)
  Jessica (D)
  A necromancer (D)
  A wizard (D)
  A kobold demonologist (D)
  3 humans (D)
  An ooze (D)
  2 rats (D)
79 creatures vanquished.

Vanquished Creatures (others)
  2 draconian scorchers (D)
  2 yaktaurs (D)
  5 plants (D)
9 creatures vanquished.

Grand Total: 88 creatures vanquished

Notes
Turn   | Place    | Note
--------------------------------------------------------------
     0 | D        | Kidiri the Spriggan Enchanter began the quest for the Orb.
     0 | D        | Reached XP level 1. HP: 9/9 MP: 5/5
     9 | D        | Reached skill level 5 in Stealth
    29 | D        | Noticed Jessica
    99 | D        | Killed a yaktaur
   172 | D        | Killed a white draconian scorcher
   234 | D        | Killed a white draconian scorcher
   309 | D        | Killed Jessica
   309 | D        | Reached skill level 1 in Fighting
   309 | D        | Reached skill level 1 in Armour
   309 | D        | Reached XP level 2. HP: 12/14 MP: 5/8
   309 | D        | Reached XP level 3. HP: 15/18 MP: 5/9
   315 | D        | Learned a level 2 spell: Ensorcelled Hibernation
   319 | D        | Learned a level 3 spell: Confuse
   323 | D        | Learned a level 3 spell: Dazzling Spray
   354 | D        | Noticed Crazy Yiuf
   376 | D        | Killed Crazy Yiuf
   376 | D        | Reached skill level 5 in Dodging
   376 | D        | Reached skill level 6 in Stealth
   383 | D        | Reached XP level 4. HP: 23/23 MP: 4/11
   399 | D        | Learned a level 3 spell: Tukima's Dance
   457 | D        | Gained mutation: Your muscles are strong. (Str +2) [potion of mutation]
   457 | D        | Lost mutation: Your muscles are strong. (Str +2) [potion of mutation]
   457 | D        | Gained mutation: You can spit weak poison. [potion of mutation]
   458 | D        | Gained mutation: You are agile. (Dex +2) [potion of mutation]
   458 | D        | Lost mutation: You are agile. (Dex +2) [potion of mutation]
   459 | D        | Gained mutation: Your spells are a little harder to cast, but a little more powerful. [potion of mutation]
   459 | D        | Gained mutation: You are frail (-10% HP). [potion of mutation]
   510 | D        | Reached skill level 7 in Stealth
   510 | D        | Reached skill level 5 in Spellcasting
   510 | D        | Reached skill level 1 in Conjurations
   510 | D        | Reached skill level 5 in Hexes
   510 | D        | Reached skill level 1 in Ice Magic
   510 | D        | Reached XP level 5. HP: 23/23 MP: 12/14
   530 | D        | Noticed a shadow
   532 | D        | Killed a shadow
   532 | D        | Reached skill level 5 in Short Blades
   532 | D        | Reached skill level 8 in Dodging
   532 | D        | Reached skill level 9 in Stealth
   532 | D        | Reached XP level 6. HP: 25/28 MP: 14/16
   562 | D        | Found a stormy altar of Qazlal.
   563 | D        | Found a sacrificial altar of Ru.
   563 | D        | Found a burning altar of Makhleb.
   563 | D        | Found a viscous altar of Jiyva.
   563 | D        | Found a shimmering altar of Xom.
   563 | D        | Found a shadowy altar of Dithmenos.
   563 | D        | Found a sparkling altar of Nemelex Xobeh.
   563 | D        | Found a corrupted altar of Lugonu.
   563 | D        | Found an opulent altar of Gozag.
   563 | D        | Noticed a spatial vortex
   567 | D        | Became a worshipper of Dithmenos the Shadowed
   593 | D        | Killed a spatial vortex
   593 | D        | Reached skill level 1 in Invocations
   791 | D        | Found a radiant altar of Vehumet.
   792 | D        | Found a deep blue altar of Sif Muna.
   792 | D        | Found an ancient bone altar of Kikubaaqudgha.
   793 | D        | Reached skill level 10 in Stealth
   795 | D        | Reached * piety under Dithmenos
   805 | D        | Learned a level 1 spell: Apportation
   812 | D        | Learned a level 2 spell: Shroud of Golubria
   816 | D        | Learned a level 3 spell: Portal Projectile
   825 | D        | Found a glowing silver altar of Zin.
   826 | D        | Found a glowing golden altar of the Shining One.
   826 | D        | Found a white marble altar of Elyvilon.
   826 | D        | Noticed a deep elf priest
   828 | D        | Killed a deep elf priest
   828 | D        | Reached XP level 7. HP: 32/32 MP: 17/19
   841 | D        | Learned a level 4 spell: Passage of Golubria
   844 | D        | Found an iron altar of Okawaru.
   845 | D        | Found a bloodstained altar of Trog.
   845 | D        | Noticed a human
   845 | D        | Noticed a human
   847 | D        | Killed a human
   847 | D        | Reached skill level 11 in Stealth
   848 | D        | Killed a human
   848 | D        | Reached ** piety under Dithmenos
   848 | D        | Reached skill level 10 in Dodging
   864 | D        | Found a snail-covered altar of Cheibriados.
   865 | D        | Found a basalt altar of Yredelemnul.
   865 | D        | Found a blossoming altar of Fedhas.
   866 | D        | Reached XP level 8. HP: 37/37 MP: 21/21
   893 | D        | Reached *** piety under Dithmenos
   914 | D        | Noticed Erolcha
   917 | D        | Reached skill level 12 in Stealth
   918 | D        | Killed Erolcha
   918 | D        | Reached **** piety under Dithmenos
   918 | D        | Reached skill level 10 in Spellcasting
   918 | D        | Reached skill level 5 in Charms
   918 | D        | Reached skill level 5 in Translocations
   918 | D        | Reached XP level 9. HP: 41/41 MP: 22/24
   940 | D        | Reached skill level 13 in Stealth
  1061 | D        | Reached ***** piety under Dithmenos
  1337 | D        | Reached skill level 5 in Fighting
  1349 | D        | Reached ****** piety under Dithmenos
  1472 | D        | Reached skill level 14 in Stealth
  1482 | D        | Reached XP level 10. HP: 38/45 MP: 4/26
  1766 | D        | Reached skill level 10 in Short Blades
  1766 | D        | Reached skill level 5 in Ice Magic
  1917 | D        | Reached skill level 5 in Armour
  1917 | D        | Reached skill level 15 in Stealth
  1983 | D        | Noticed a lindwurm
  1986 | D        | Killed a lindwurm
  1995 | D        | Noticed Maud
  1997 | D        | Killed Maud
  1997 | D        | Reached skill level 5 in Conjurations
  1997 | D        | Reached XP level 11. HP: 50/50 MP: 26/28
  2004 | D        | Noticed an eight-headed hydra
  2004 | D        | Noticed a six-headed hydra
  2016 | D        | Killed a six-headed hydra
  2016 | D        | Reached skill level 16 in Stealth
  2041 | D        | Killed an eight-headed hydra
  2091 | D        | Noticed a death drake
  2094 | D        | Killed a death drake
  2101 | D        | Found a blossoming altar of Fedhas.
  2101 | D        | Noticed a spriggan druid
  2103 | D        | Killed a spriggan druid
  2103 | D        | Reached skill level 10 in Hexes
  2142 | D        | Noticed an ice dragon
  2145 | D        | Killed from afar by an ice dragon

Vault maps used:
D:        dungeon_sprint_mu

Action                   |  1- 3 |  4- 6 |  7- 9 | 10-12 || total
-------------------------+-------+-------+-------+-------++-------
Melee: Dagger            |    20 |    21 |    37 |    24 ||   102
 Cast: Corona            |     1 |       |       |       ||     1
       Ensorcelled Hiber |     5 |       |    22 |    14 ||    41
       Dazzling Spray    |     2 |     4 |    15 |    16 ||    37
       Shroud of Golubri |       |       |     2 |       ||     2
Invok: Shadow Step       |       |       |     2 |     3 ||     5
  Use: Potion            |     2 |     3 |       |       ||     5
       Scroll            |       |     2 |       |       ||     2
 Stab: Sleeping          |     4 |     6 |    28 |    21 ||    59
       Invisible         |       |       |     3 |       ||     3
       Distracted        |       |       |       |     1 ||     1
